 Dungeon Crawl Stone Soup version 0.28.0-53-g5a82cb258f (webtiles) character file.

Game seed: 4104366124148458017

387 clackabat the Cudgeller (level 6, -8/40 HPs)
             Began as a Gargoyle Berserker on July 12, 2022.
             Was a Priest of Trog.
             Killed by divine providence
             ... invoked by an orc priest
              (16 damage)
             ... on level 4 of the Dungeon.
             The game lasted 00:08:38 (3717 turns).

clackabat the Cudgeller (Gargoyle Berserker)        Turns: 3717, Time: 00:08:38

Health: -8/40      AC: 17    Str: 20    XL:     6   Next: 78%
Magic:  6/6        EV: 11    Int:  8    God:    Trog [***...]
Gold:   175        SH:  0    Dex: 11    Spells: 5/5 levels left

rFire   . . .      SeeInvis .   d - +0 mace (protect)
rCold   . . .      Faith    .   (no shield)
rNeg    + . .      Spirit   .   h - +0 ring mail
rPois   ∞          Reflect  .   (no helmet)
rElec   +          Harm     .   (no cloak)
rCorr   .          Rampage  .   (no gloves)
Will    ++...                   g - +0 pair of boots
Stlth   +.........              (no amulet)
HPRegen 1.13/turn               (no ring)
MPRegen 0.10/turn               (no ring)

@: strong-willed (expiring), under a protective aura, on berserk cooldown,
regenerating (expiring), slowed, very slow
A: sickness immunity, AC +4, negative energy resistance 1, electricity
resistance, torment resistance 1, petrification resistance
a: Renounce Religion, Berserk, Trog's Hand


You were on level 4 of the Dungeon.
You worshipped Trog.
Trog was most pleased with you.
You visited 1 branch of the dungeon, and saw 4 of its levels.

You collected 175 gold pieces.

Inventory:

Hand Weapons
 a - a +0 mace
 d - a +0 mace of protection (weapon)
Armour
 b - a +0 animal skin
 g - a +0 pair of boots (worn)
 h - a +0 ring mail (worn)
 k - a +0 chain mail
Wands
 n - a wand of iceblast (7)
Scrolls
 c - 2 scrolls of identify
 e - 2 scrolls of teleportation
 o - a scroll of brand weapon {unknown}
Potions
 f - a potion of cancellation
 i - a potion of curing
 j - 2 potions of magic {unknown}
 l - a potion of lignification
 m - 2 potions of flight


   Skills:
 + Level 5.3 Fighting
 * Level 6.3 Maces & Flails
 - Level 2.1 Armour
 - Level 1.5 Dodging


You had 5 spell levels left.
You didn't know any spells.
Your spell library was empty.

Dungeon Overview and Level Annotations

Branches:
Dungeon (4/15)
 Temple: D:4-7

Altars:
Dithmenos
Gozag
Hepliaklqana
The Shining One


Innate Abilities, Weirdness & Mutations

You are immune to sickness and miasma.
Your stone body is resilient. (AC +4)
You are immune to poison.
You resist negative energy. (rN+)
You are resistant to electric shocks. (rElec)
You are resistant to unholy torment.
You are immune to petrification.


Message History

The bullfrog misses you.
You sock the bullfrog!
You feel the power of Trog in you as your rage grows.
You kill the bullfrog!
Trog accepts your kill. The hobgoblin barely misses you.
The orc priest hits you but does no damage.
An ufetubus and a goblin come into view.
Found a stone staircase leading up.
The ufetubus shouts!
The goblin shouts!
The orc priest looks encouraged for a moment.
You sock the hobgoblin!
You kill the hobgoblin!
Trog accepts your kill. The endoplasm freezes you.
You are frozen.
* * * LOW HITPOINT WARNING * * *
The orc priest miscasts a cantrip.
Items here: ))) [ †.
You thump the orc priest!
The orc priest is heavily wounded.
The orc priest looks satisfied for a moment.
You closely miss the orc priest.
The orc priest is heavily wounded.
You are no longer berserk.
You are exhausted.
You feel yourself slow down.
You feel the effects of Trog's Hand fading.
The orc priest calls upon Beogh to heal the orc priest.
The orc priest is healed somewhat.
The endoplasm barely misses you.
You hit the orc priest.
The orc priest is heavily wounded.
The orc priest hits you but does no damage. x2
The ufetubus hits you but does no damage.
The ufetubus hits you.
* * * LOW HITPOINT WARNING * * *
The endoplasm hits you but does no damage.
The orc priest mumbles some strange prayers to Beogh against you.
Beogh smites you!
You die...

. ..........<
....#.#.........#.
#...#.#..........#
##.................
#.....#............
##................
#..............#
#..........J..##
#...$.....@5o.#
###....))....o......
#...#........o.g....
##...#...............
##.......)............
#.....................
#..........##.##.#..
##.......### ...##..
#####..........# ..


You could see 2 orc priests, an orc, an ufetubus, an endoplasm and a goblin.

Vanquished Creatures
  Sigmund (D:4)
  A bullfrog (D:4)
  A hound (D:4)
  An iguana (D:4)
  An adder (D:2)
  An ufetubus (D:4)
  A worm (D:3)
  2 dart slugs (D:3)
  5 orcs
  6 ball pythons
  7 bats
  4 endoplasms
  6 giant cockroaches
  12 goblins
  6 hobgoblins
  4 jackals (D:1)
  2 quokkas (D:1)
  3 frilled lizards
  5 kobolds
  8 rats
77 creatures vanquished.

Notes
Turn   | Place    | Note
-------+----------+-------------------------------------------
     0 | D:1      | clackabat the Gargoyle Berserker began the quest for the
                  | Orb.
     0 | D:1      | Reached XP level 1. HP: 14/14 MP: 1/1
   205 | D:1      | Reached XP level 2. HP: 7/19 MP: 2/2
   934 | D:1      | Reached XP level 3. HP: 24/24 MP: 3/3
   937 | D:1      | Reached ** piety under Trog
  1100 | D:2      | Found a glowing golden altar of the Shining One.
  1107 | D:2      | Reached skill level 4 in Maces & Flails
  1550 | D:2      | Reached XP level 4. HP: 29/29 MP: 4/4
  2120 | D:3      | Found an opulent altar of Gozag.
  2240 | D:3      | Found a faded altar of an unknown god.
  2327 | D:3      | Found a hazy altar of Hepliaklqana.
  2525 | D:3      | Found a shadowy altar of Dithmenos.
  3447 | D:4      | Noticed Sigmund
  3523 | D:4      | Killed Sigmund
  3524 | D:4      | Reached skill level 5 in Maces & Flails
  3524 | D:4      | Reached XP level 5. HP: 34/34 MP: 5/5
  3524 | D:4      | Reached XP level 6. HP: 40/40 MP: 6/6
  3625 | D:4      | Reached skill level 5 in Fighting
  3678 | D:4      | Reached *** piety under Trog
  3691 | D:4      | Reached skill level 6 in Maces & Flails
  3717 | D:4      | Killed from afar by an orc priest

Illustrated notes

Levels and vault maps discovered:
D:1:      nzn_arrival_water_spiral, layout_rooms, st_stairs_1
D:2:      layout_basic, basic_altar
D:3:      layout_loops_corners, mainiacjoe_overflow_brackets,
          nicolae_hepliaklqana_hippocampus, nicolae_gozag_seed_capital,
          nicolae_ecumenical_lake_church
D:4:      layout_cave_pools, feat_on_display, uniq_sigmund, uniq_ijyb

Skill      XL: |  1  2  3  4  5  6 |
---------------+-------------------+-----
Maces & Flails | 4 5 6 |  6.3
Fighting       | 4 5 |  5.3
Armour         | |  2.1
Dodging        | |  1.5

Action                   |  1- 3 |  4- 6 || total
-------------------------+-------+-------++-------
Melee: Mace              |   127 |   108 ||   235
       Punch             |     1 |       ||     1
Invok: Berserk           |     1 |     2 ||     3
       Trog's Hand       |       |     1 ||     1
  Use: Scroll            |       |     7 ||     7
Armor: Animal skin       |    32 |       ||    32
       Ring mail         |    28 |    76 ||   104
Dodge: Dodged            |    80 |    67 ||   147
